[Event "*** SCC Grand Prix: Titled Tuesday Blitz"]
[Site "Chess.com"]
[Date "2020.06.09"]
[Round "9"]
[White "BogdanBelyakov89"]
[Black "Gloomy_Wanderer"]
[Result "1/2-1/2"]
[WhiteElo "2654"]
[BlackElo "2786"]
[TimeControl "180+1"]
[EndTime "10:47:03 PDT"]
[Termination "Game drawn by agreement"]

1. e4 c5 2. c3 a6 3. Nf3 d5 4. exd5 Qxd5 5. d4 Bg4 6. Be2 Nf6 7.
h3 Bh5 8. dxc5 Qxc5 9. Be3 Qc7 10. O-O e6 11. a4 Bc5 12. Bxc5 Qxc5 13. Qb3 Qc7 14. Nbd2 Nbd7 15. Qa3 Qc5 16. Rfe1 Qxa3 17. Rxa3 Rc8 18. Nd4 Bxe2 19. Rxe2 g6 20. N2f3 Ke7 21.
Ra1 Rhd8 22. Nb3 Nb6 23. Ne5 Rd5 24. Nd4 Nc4 25. Nxc4 Rxc4 26. Ra3 Nd7 27. Rb3 Nc5 28. Rb6 Rd7 29. a5 Kd8 30. Nf3 Nd3 31. Rd2 Kc7 32.
Kh2 Rc5 33. b4 Rxc3 34. b5 axb5 35. Rxb5 Rc5 36. Rb3 Ne5 37. Rxd7+ Nxd7 38. Ra3 Nb8 39. h4 f6 40. Nd4 Re5 41. Kg3 Nc6 42. Nxc6 Kxc6 43. a6 bxa6 44. Rxa6+ Kd5 45. Ra7 Rh5 46. Ra5+ Kd6 47. Ra6+ Ke7 48. Ra7+ Kf8 49. Rd7 e5 50. f3 Rf5 51. Rxh7 Kg8 1/2-1/2

[Event "*** SCC Grand Prix: Titled Tuesday Blitz"]
[Site "Chess.com"]
[Date "2020.06.09"]
[Round "9"]
[White "olksuna"]
[Black "dey2580"]
[Result "0-1"]
[WhiteElo "2620"]
[BlackElo "2482"]
[TimeControl "180+1"]
[EndTime "10:47:03 PDT"]
[Termination "dey2580 won by resignation"]

1. c4 Nf6 2. Nc3 e6 3. Nf3 d5 4. e3 Be7 5. b3 O-O 6. Bb2 b6 7. Rc1 Bb7 8. cxd5 Nxd5 9. d4 Nxc3 10. Bxc3 c5 11. Be2 cxd4 12. Nxd4 Bf6 13. Bf3 Qe7 14. O-O Rd8 15. Bb4 Qd7 16. Qe2 Bxf3 17. Qxf3 Na6 18. Bc3 Rac8 19. Bb2 Nb4 20. a3 Nd3 21.
Rxc8 Rxc8 22. Ba1 e5 23. Nf5 Qc6 24. e4 Qc2 25. Qg4 Kf8 26. h4 Nf4 27. b4 Qxe4 28.
Nd6 Ne2+ 29. Qxe2 Qxe2 30. Nxc8 Be7 31. Nxa7 Qe4 32. h5 Qg4 33. h6 f6 34. hxg7+ Kxg7 35. Nc6 Bd6 36. Rc1 Qe4 37. Nd8 Kg6 38. Rd1 Be7 39.
Ne6 Qg4 40. Rd7 Qxe6 41. Rb7 h5 42. Bc3 Bd8 43. Be1 Qc6 44. Rb8 Bc7 45. Rg8+ Kf5 46. Rc8 Qd7 47. Rh8 Qd1 48. Kf1 e4 49. Rc8 Be5 50.
Rc6 Bd4 51. Rd6 Qd3+ 52. Kg1 Qb1 53. Rd5+ Ke6 54. Rxd4 Qxe1+ 55. Kh2 Ke5 56. Rxe4+ Kxe4 0-1

[Event "*** SCC Grand Prix: Titled Tuesday Blitz"]
[Site "Chess.com"]
[Date "2020.06.09"]
[Round "9"]
[White "gui_borba"]
[Black "TERMINATOR_PC"]
[Result "1/2-1/2"]
[WhiteElo "2363"]
[BlackElo "2475"]
[TimeControl "180+1"]
[EndTime "10:47:05 PDT"]
[Termination "Game drawn - insufficient material"]

1. d4 Nf6 2. Bf4 d5 3. e3 c5 4.
c3 Nc6 5. Nd2 cxd4 6. exd4 Bf5 7. Ngf3 e6 8. Ne5 Nxe5 9. Bxe5 a6 10. Nf3 Be7 11. a4 h6 12. Bd3 Bxd3 13. Qxd3 O-O 14. O-O Ne4 15. a5 Rc8 16. Nd2 Nxd2 17. Qxd2 Bd6 18. Rfe1 Bxe5 19. Rxe5 b6 20. axb6 Qxb6 21. Re2 a5 22. Qd3 Rb8 23. f4 Qb5 24. Qxb5 Rxb5 25. Kf2 h5 26. Ke3 Kh7 27. Kd3 Rfb8 28. Ra2 Kg6 29. g3 R8b6 30. Ke3 a4 31. Kf3 Rb3 32.
Rc2 Ra6 33. h3 a3 34. bxa3 Raxa3 35. Rxa3 Rxa3 36. g4 Ra1 37. Kg3 Rf1 38. Rf2 Rc1 39. Rf3 Kf6 40. Re3 Rc2 41. Kh4 hxg4 42. hxg4 Rf2 43.
Kg3 Rc2 44. Kf3 Ke7 45. f5 Kf6 46. fxe6 fxe6 47. Kf4 Rf2+ 48. Kg3 Rc2 49. Kf4 g5+ 50. Kg3 Rc1 51. Rf3+ Ke7 52. Re3 Kd6 53. Kf3 Rf1+ 54. Ke2 Rf4 55. Rg3 e5 56. dxe5+ Kxe5 57. Kd3 Rc4 58. Re3+ Kf4 59. Re8 Kxg4 60. Rd8 Rc5 61. Kd4 Rc4+ 62. Kd3 Rc5 63. Kd4 Ra5 64. Rxd5 Rxd5+ 65.
Kxd5 Kf4 66. c4 g4 67. c5 g3 68. c6 g2 69. c7 g1=Q 70. c8=Q Qd1+ 71. Kc6 Qc2+ 72.
Kd7 Qxc8+ 73. Kxc8 1/2-1/2

[Event "*** SCC Grand Prix: Titled Tuesday Blitz"]
[Site "Chess.com"]
[Date "2020.06.09"]
[Round "9"]
[White "Morshynska"]
[Black "MFBerna"]
[Result "0-1"]
[WhiteElo "2214"]
[BlackElo "2398"]
[TimeControl "180+1"]
[EndTime "10:47:06 PDT"]
[Termination "MFBerna won on time"]

1. e4 c6 2. d4 d5 3. Nd2 dxe4 4. Nxe4 Nf6 5. Nxf6+ exf6 6. c3 Bd6 7. Bd3 O-O 8.
Qc2 Re8+ 9. Ne2 h5 10. O-O Qc7 11. h3 Nd7 12. Be3 Nf8 13. Rae1 c5 14. dxc5 Bxc5 15.
Bxc5 Qxc5 16. Nd4 Bd7 17. Bf5 Re5 18. Bxd7 Nxd7 19. Nf3 Ree8 20. Qb3 b6 21. Qa4 b5 22. Qd4 Qxd4 23. Nxd4 a6 24. f3 Nb6 25. Kf2 Na4 26. Rb1 Nc5 27. Rfd1 g6 28. g4 hxg4 29. hxg4 Kg7 30.
Kg2 Rad8 31. Rd2 Re3 32. Kf2 Rde8 33. Rbd1 Na4 34. Rc2 R3e5 35. Rdd2 Re1 36. Re2 R8xe2+ 37. Nxe2 Rb1 38. b3 Nc5 39. c4 b4 40. Rd2 Ne6 41.
Ke3 g5 42. Nd4 Nf4 43. Nf5+ Kg6 44. Rh2 Re1+ 45. Kd4 Ne6+ 46. Kd5 Rd1+ 0-1

[Event "*** SCC Grand Prix: Titled Tuesday Blitz"]
[Site "Chess.com"]
[Date "2020.06.09"]
[Round "9"]
[White "Khazieva_Elza"]
[Black "Ariadna_Atreides"]
[Result "1-0"]
[WhiteElo "2239"]
[BlackElo "1962"]
[TimeControl "180+1"]
[EndTime "10:47:06 PDT"]
[Termination "Khazieva_Elza won on time"]

1. e4 c5 2. Nf3 d6 3. d3 Nc6 4. g3 g6 5. Bg2 Bg7 6. O-O e6 7. c3 Nge7 8. Na3 O-O 9. Re1 a6 10. Nc2 b5 11. d4 Bb7 12. dxc5 dxc5 13. Be3 c4 14. Qxd8 Rfxd8 15. Bb6 Rd7 16. Rad1 Rd3 17.
Bf1 Rxf3 18. Rd7 Bc8 19. Rd2 e5 20. Ne3 Bh6 21. Red1 Be6 22. Be2 Rf6 23. Rd6 Bg7 24. Kg2 Nc8 25. Rxc6 Nxb6 26. Rc7 Bf8 27. h3 h6 28. g4 Na4 29. Rd2 Nc5 30. Rc6 Nxe4 31. Rd1 Rxf2+ 32. Kg1 Rxe2 33. Nd5 Bxd5 34. Rxd5 Rxb2 35.
Rd7 Nxc3 36. Rcc7 Rb1+ 37. Kg2 Rb2+ 38. Kg1 Ne2+ 39. Kf2 Nf4+ 40. Kf3 Ne6 41. Rb7 Ng5+ 42. Ke3 Rxa2 43. h4 Ra3+ 44. Ke2 Ne4 45. Rxf7 1-0

[Event "*** SCC Grand Prix: Titled Tuesday Blitz"]
[Site "Chess.com"]
[Date "2020.06.09"]
[Round "9"]
[White "sergiochess83"]
[Black "carlesdc96"]
[Result "1-0"]
[WhiteElo "2845"]
[BlackElo "2742"]
[TimeControl "180+1"]
[EndTime "10:47:07 PDT"]
[Termination "sergiochess83 won by resignation"]

1. e4 e6 2. d4 d5 3. Nc3 Bb4 4. e5 c5 5. a3 Bxc3+ 6. bxc3 Qa5 7. Bd2 Qa4 8. h4 Nc6 9. h5 cxd4 10. cxd4 b6 11.
c3 Qxd1+ 12. Kxd1 h6 13. Bd3 Nge7 14. Ne2 Bd7 15. Rh3 Na5 16. a4 Rc8 17. Kc2 O-O 18. Bc1 Nc4 19. g4 f6 20. f4 fxe5 21. dxe5 Rc7 22. Nd4 Rfc8 23. Be2 a6 24. Be3 Nc6 25.
Bg1 Nxd4+ 26. Bxd4 b5 27. axb5 Bxb5 28. Bd3 Re7 29. Rf3 Rce8 30. Bg6 Rc8 31. g5 Rec7 32. gxh6 gxh6 33. f5 exf5 34. e6 Nd6 35. Rg1 Ne4 36. Rxf5 Ng5 37. Rgxg5 hxg5 38. Rxg5 Kf8 39. h6 Ke7 40. h7 Kxe6 41. h8=Q Rxh8 42. Bxh8 a5 43. Bd4 a4 44. Bf5+ Kd6 45. Rg6+ Ke7 46. Rg7+ Kd6 47.
Rxc7 Kxc7 48. Kb2 Kd6 49. Ka3 Bc6 50. Bc2 Bd7 51. Bxa4 1-0

[Event "*** SCC Grand Prix: Titled Tuesday Blitz"]
[Site "Chess.com"]
[Date "2020.06.09"]
[Round "9"]
[White "GM_Buhmann"]
[Black "Lenyas66"]
[Result "1-0"]
[WhiteElo "2737"]
[BlackElo "2573"]
[TimeControl "180+1"]
[EndTime "10:47:09 PDT"]
[Termination "GM_Buhmann won on time"]

1. e4 e6 2. d4 d5 3. Nd2 Nf6 4. e5 Nfd7 5. Ngf3 c5 6. c3 Nc6 7. Bd3 Qb6 8. O-O Be7 9. Re1 O-O 10. Nf1 f5 11. exf6 Nxf6 12. Ng3 cxd4 13. cxd4 Bb4 14. Re2 Bd6 15. Be3 Bd7 16. Ne5 Be8 17. f4 Kh8 18.
Kh1 Rc8 19. Bg1 Nb4 20. Bb1 Bb5 21. Re1 Qc7 22. f5 Bxe5 23. dxe5 Ne4 24. Nxe4 dxe4 25. Bxe4 exf5 26. Bf3 Nd3 27. Qb3 Nxe1 28. Rxe1 Bc6 29. Bxa7 Bxf3 30. gxf3 f4 31. Bd4 Qd7 32. Bc3 Qd3 33. Kg2 Rf5 34. h4 b5 35. Qe6 Rcf8 36. Qd6 Qc4 37. e6 Rg8 38. e7 Qf7 39. Re4 Re8 40. Qd7 h6 41. Qe6 Kg8 42. Qxf7+ Kxf7 43. Bb4 g5 44. Kh3 gxh4 45. Kg4 Rf6 46. Kxh4 Rc8 47.
Bc3 Re6 48. Rxf4+ Kxe7 49. Bb4+ Kd7 50. Kh5 Kc6 51. Rd4 Rce8 52. f4 Rf6 53. Kg4 Re2 54. Bc3 Rg2+ 55. Kf3 Rg1 56. a4 1-0

[Event "*** SCC Grand Prix: Titled Tuesday Blitz"]
[Site "Chess.com"]
[Date "2020.06.09"]
[Round "9"]
[White "MusicCityMaster"]
[Black "Bayernbk"]
[Result "1/2-1/2"]
[WhiteElo "2346"]
[BlackElo "2450"]
[TimeControl "180+1"]
[EndTime "10:47:09 PDT"]
[Termination "Game drawn by agreement"]

1. e4 d5 2. exd5 Nf6 3. d4 Nxd5 4. c4 Nb6 5. Nc3 Nc6 6. Be3 Bf5 7. Rc1 e6 8. Be2 Be7 9. Nf3 O-O 10. h3 Na5 11.
Nd2 Bf6 12. c5 Nd5 13. O-O Nxc3 14. bxc3 e5 15. Nb3 Nxb3 16. Qxb3 b6 17. Rfd1 exd4 18. cxd4 c6 19. Bf3 Be6 20. d5 cxd5 21. Bxd5 Bxd5 22. Rxd5 Qe7 23. c6 Rac8 24. Rd7 Qe4 25. Rxa7 Rxc6 26. Rxc6 Qxc6 27. Qxb6 Qc2 28. Qb7 h5 29. a4 Qd1+ 30.
Kh2 Be5+ 31. f4 Bd6 32. Qe4 h4 33. a5 Qe2 34. Qf3 Qxf3 35. gxf3 Rc8 36. a6 Rc2+ 37. Kg1 Bc5 38. Ra8+ Kh7 39. Bxc5 Rxc5 40. a7 Ra5 41. Kf2 Ra3 42. Ke2 Kg6 43. f5+ Kxf5 44. Rh8 Rxa7 45. Rxh4 g6 46. Re4 Kf6 47. Kf2 Ra5 48.
Kg3 Rg5+ 49. Kf2 Rf5 50. Kg3 Rg5+ 51. Kf2 1/2-1/2

[Event "*** SCC Grand Prix: Titled Tuesday Blitz"]
[Site "Chess.com"]
[Date "2020.06.09"]
[Round "9"]
[White "Escanor89"]
[Black "eightbyeightchess"]
[Result "0-1"]
[WhiteElo "2496"]
[BlackElo "2397"]
[TimeControl "180+1"]
[EndTime "10:47:10 PDT"]
[Termination "eightbyeightchess won on time"]

1. c4 e5 2. Nc3 Nf6 3. Nf3 e4 4. Ng5 b5 5. d3 bxc4 6. Ngxe4 Nxe4 7. dxe4 Bb7 8. Qd4 Nc6 9. Qxc4 Bd6 10. a3 O-O 11. e3 Ne5 12. Qd4 f5 13. Be2 Qh4 14.
exf5 Qg5 15. Bd2 Qxf5 16. f4 Bxg2 17. Rg1 Bf3 18. O-O-O Bxe2 19. Nxe2 Nd3+ 20. Kb1 Nf2+ 21. Ka1 Rf7 22. Bc3 Bf8 23. Rdf1 Ne4 24. Ng3 Nxg3 25. Rxg3 c5 26. Qd2 d5 27. Rfg1 Rd8 28. Rg5 Qe4 29. Be5 d4 30. exd4 cxd4 31. Re1 Qc6 32. Reg1 d3 33. Bc3 Qe4 34. R1g3 Qe2 35. Re3 Qxd2 36. Bxd2 Re7 37. Rge5 Rxe5 38. fxe5 Be7 39. b3 Rd5 40. e6 Bf6+ 41. Kb1 Kf8 42. Bb4+ Ke8 43. Kc1 Rg5 44. Kd2 Rg2+ 45. Kxd3 Rxh2 46. Ke4 Rh4+ 47. Kd5 Rd4+ 48. Kc6 Rd1 49. Rc3 Bxc3 50.
Bxc3 Rc1 0-1

[Event "*** SCC Grand Prix: Titled Tuesday Blitz"]
[Site "Chess.com"]
[Date "2020.06.09"]
[Round "9"]
[White "AndrewDGreen"]
[Black "serhanberat_ozdemir"]
[Result "0-1"]
[WhiteElo "2357"]
[BlackElo "2483"]
[TimeControl "180+1"]
[EndTime "10:47:11 PDT"]
[Termination "serhanberat_ozdemir won by resignation"]

1. e4 c5 2. Nf3 e6 3. c3 Nf6 4.
e5 Nd5 5. d4 cxd4 6. cxd4 d6 7.
Bd2 Bd7 8. Nc3 Bc6 9. Nxd5 Bxd5 10. Bd3 Nc6 11. Bc3 dxe5 12. dxe5 Bb4 13. Bxb4 Nxb4 14. Qa4+ Nc6 15. Qg4 Bxf3 16. Qxf3 Qa5+ 17. Kf1 O-O 18. Re1 Rad8 19. h4 g6 20. Qe3 Rd5 21. f4 Rfd8 22. Be4 Rd1 23. Kf2 R1d2+ 24. Kg3 Nxe5 25. fxe5 Qxe5+ 26. Kh3 Qxb2 27. h5 Qb5 28. Qh6 Qe5 29.
g3 Qg7 30. Qxg7+ Kxg7 31. hxg6 hxg6 32. a4 b6 33. Rhf1 R8d4 34. Bf3 Rxa4 35. g4 Rd3 36. Kg3 Raa3 37. Kg2 e5 38. Rxe5 Rab3 39. Re7 Re3 40. Bd1 Rb2+ 41. Kg1 Rxe7 42. Bf3 Re3 43. g5 Rxf3 44.
Rxf3 Rb5 45. Rg3 Rf5 46. Kg2 a5 47. Kh3 b5 48. Kg4 a4 49. Rd3 Rc5 50. Rd7 a3 51.
Ra7 Rc4+ 52. Kf3 Ra4 53. Rb7 a2 54. Ke3 a1=Q 0-1

[Event "*** SCC Grand Prix: Titled Tuesday Blitz"]
[Site "Chess.com"]
[Date "2020.06.09"]
[Round "9"]
[White "tamarozi99"]
[Black "fischercapa"]
[Result "0-1"]
[WhiteElo "2063"]
[BlackElo "2353"]
[TimeControl "180+1"]
[EndTime "10:47:12 PDT"]
[Termination "fischercapa won on time"]

1. e4 c5 2. Nf3 d6 3. Bb5+ Bd7 4. Bxd7+ Nxd7 5. O-O Ngf6 6. Re1 Rc8 7. c3 c4 8. b3 b5 9. Na3 a6 10. bxc4 bxc4 11.
Qa4 Qc7 12. Qxa6 e6 13. Nb5 Qc6 14. Qxc6 Rxc6 15. a4 Be7 16. Ba3 e5 17. d4 cxd3 18. Rad1 Nc5 19. Bxc5 Rxc5 20. Rxd3 Rc6 21. Nd2 O-O 22.
Nb3 Ra8 23. a5 Rb8 24. c4 Rxc4 25. Nxd6 Bxd6 26. Rxd6 Nxe4 27. Rdd1 f5 28. Nd2 Nxd2 29. Rxd2 Rb5 30. Ra2 Rc7 31. a6 Ra7 32. f4 e4 33. Rc1 Rb6 34. Rca1 Kf7 35. Kf2 Ke6 36. Ra5 g6 37. R1a3 Rb2+ 38. Ke3 Rxg2 39. Rb5 Rxh2 40.
Kd4 Rd2+ 41. Ke3 Rdd7 42. Re5+ Kf6 43. Rb5 Rd6 44. Rb7 Raxa6 45. Rxa6 Rxa6 46. Rxh7 Ra3+ 47. Ke2 Rf3 48. Rh4 Rg3 49. Kf2 Rg4 0-1

[Event "*** SCC Grand Prix: Titled Tuesday Blitz"]
[Site "Chess.com"]
[Date "2020.06.09"]
[Round "9"]
[White "FMOlexandrProhorov"]
[Black "ferdipy"]
[Result "1-0"]
[WhiteElo "2104"]
[BlackElo "2344"]
[TimeControl "180+1"]
[EndTime "10:47:13 PDT"]
[Termination "FMOlexandrProhorov won on time"]

1. e4 e6 2. Qe2 c5 3. g3 Nc6 4. Bg2 g6 5. Nf3 Bg7 6. O-O Nge7 7. c3 d6 8. Na3 O-O 9. Nc2 e5 10. h3 h6 11. Rd1 Be6 12. d4 cxd4 13. cxd4 Bd7 14. dxe5 dxe5 15. Ne3 Qc8 16. b3 Bxh3 17. Ba3 Re8 18. Rac1 Bxg2 19. Kxg2 Qe6 20. Nd5 Rac8 21. Qb5 Kh7 22. Nxe7 Nxe7 23. Rd6 Qg4 24. Qd3 Rxc1 25. Bxc1 Nc6 26. Rd7 Nd4 27. Rxf7 Qe6 28. Rxb7 Qc6 29. Rxa7 Qxc1 30. Nh4 Qg5 31. Qa6 Rg8 32. Qd6 Nb5 33. Qc5 Nxa7 34. Qxa7 Qf6 35. Qd7 Rf8 36. f3 Qa6 37.
Kh3 Qxa2 38. Qe6 Rf6 39. Qxe5 Qxb3 40. Qe8 Qe6+ 41. Qxe6 Rxe6 42. Kg4 Rf6 43. f4 Re6 44.
e5 Bf8 45. Nf3 Be7 46. Nd4 Ra6 47. Kf3 Ra3+ 48. Kg4 Ra2 49. Kf3 Rh2 50. Nc6 Bc5 51. Ke4 Rg2 52. Kd5 Ba3 53. e6 Rxg3 54. Ne5 Re3 55. Nc4 1-0

[Event "*** SCC Grand Prix: Titled Tuesday Blitz"]
[Site "Chess.com"]
[Date "2020.06.09"]
[Round "9"]
[White "AlexSuv"]
[Black "amatatanav"]
[Result "1-0"]
[WhiteElo "2653"]
[BlackElo "2415"]
[TimeControl "180+1"]
[EndTime "10:47:14 PDT"]
[Termination "AlexSuv won by resignation"]

1. d4 Nf6 2. Nf3 e6 3. Bf4 b6 4. e3 Bb7 5. Be2 Be7 6. h3 O-O 7. O-O c5 8. c3 d5 9. Nbd2 Nbd7 10. a4 a5 11. Ne5 Nxe5 12. Bxe5 Ba6 13. Bxa6 Rxa6 14.
Qe2 Ra8 15. Rfe1 Qd7 16. Bg3 Rfd8 17. Bh4 Ne8 18. Bxe7 Qxe7 19. Nf3 Nd6 20. Ne5 Rac8 21. f3 Nc4 22. Nxc4 dxc4 23. Rad1 cxd4 24. exd4 Qd7 25. Qc2 b5 26. axb5 Qxb5 27. Re5 Rd5 28. Rde1 Rb8 29.
Rxd5 exd5 30. Re2 g6 31. h4 Re8 32. h5 Rxe2 33. Qxe2 gxh5 34. Qd2 Kf8 35. Kh2 Ke7 36.
Kg3 Qb6 37. Qg5+ f6 38. Qxd5 Qxb2 39. Qc5+ Kf7 40. Qxc4+ Kg6 41. Qg8+ Kh6 42. Qf8+ Kg6 43. Qe8+ Kh6 44. Qe3+ Kg6 45. d5 a4 46. d6 a3 47.
d7 Qb8+ 48. f4 a2 49. Qd3+ Kf7 50. Qd5+ Ke7 51. Qxa2 Kxd7 52. Qf7+ Kd6 53. Qxf6+ Kd5 54. Qe5+ Qxe5 55. fxe5 Kxe5 56. Kh4 Kd5 57. Kxh5 Kc4 58. Kh6 Kxc3 59. Kxh7 Kd4 60. g4 Ke5 61. g5 1-0

[Event "*** SCC Grand Prix: Titled Tuesday Blitz"]
[Site "Chess.com"]
[Date "2020.06.09"]
[Round "9"]
[White "pedro_gines"]
[Black "Kopytkin"]
[Result "1-0"]
[WhiteElo "2468"]
[BlackElo "2349"]
[TimeControl "180+1"]
[EndTime "10:47:14 PDT"]
[Termination "pedro_gines won on time"]

1. Nf3 d5 2. b3 Nf6 3. Bb2 g6 4. c4 c6 5. e3 Bg7 6. Be2 O-O 7. O-O a5 8. d4 Na6 9. Nc3 Bf5 10. a3 Ne4 11.
Nxe4 Bxe4 12. Ne5 Bf5 13. cxd5 Qxd5 14. Bf3 Be4 15. Bxe4 Qxe4 16. Qf3 Qxf3 17. Nxf3 Nc7 18. Rfd1 Rfd8 19. Kf1 a4 20. b4 Rd7 21. Ke2 Rad8 22.
Rac1 h6 23. g4 Nd5 24. h4 Nf6 25. Rg1 Ne4 26. h5 g5 27. Ne1 e5 28. f3 Nf6 29.
Rc2 exd4 30. Bxd4 Re8 31. Bxf6 Bxf6 32. Ng2 Red8 33. e4 Rd3 34. Rb1 Rxa3 35. Ne3 Rb3 36. Rxb3 axb3 37. Rc1 b5 38. Rb1 b2 39. Nf5 Ra8 40. Kd3 Ra3+ 41. Kc2 Rc3+ 42. Kxb2 Rxf3+ 43. Kc2 Kh7 44. Rd1 Rc3+ 45. Kb1 Rb3+ 46. Kc2 Rb2+ 47. Kc1 Rxb4 48. Rd7 Rxe4 49. Rxf7+ Kg8 50. Rxf6 Rxg4 51. Nxh6+ Kg7 52. Nxg4 1-0

[Event "*** SCC Grand Prix: Titled Tuesday Blitz"]
[Site "Chess.com"]
[Date "2020.06.09"]
[Round "9"]
[White "bulletteemo"]
[Black "maciek_92"]
[Result "0-1"]
[WhiteElo "2537"]
[BlackElo "2686"]
[TimeControl "180+1"]
[EndTime "10:47:15 PDT"]
[Termination "maciek_92 won by checkmate"]

1. e4 c5 2. Nf3 e6 3. c3 Nf6 4.
e5 Nd5 5. d4 cxd4 6. cxd4 Nc6 7. Bc4 d6 8. O-O Be7 9. Qe2 O-O 10. Nc3 Nxc3 11. bxc3 dxe5 12. Nxe5 Nxe5 13. Qxe5 Bd6 14. Qe4 Bxh2+ 15. Kh1 Bd6 16. Bd3 f5 17. Qf3 Bd7 18. Qh3 Rc8 19. Bd2 Qf6 20. Rfe1 e5 21. Rab1 Bc6 22.
dxe5 Bxe5 23. Kg1 Rcd8 24. Rb4 Rd7 25. Rh4 g6 26. Bc1 h5 27. Bc4+ Kg7 28. Ba3 Re8 29. Rb1 Red8 30. Bb3 Be4 31. Re1 Rd3 32. Qh1 Bxc3 33.
Rc1 Qg5 34. Rh3 Qxc1+ 35. Bxc1 Rd1+ 36. Bxd1 Rxd1+ 37. Kh2 Be5+ 38. f4 Rxh1+ 39. Kxh1 Bd4 40. Rb3 Kf7 41. Rb4 Bc5 42. Rb3 b6 43. Kh2 Ke6 44. Kg3 Kd5 45. Be3 Be7 46. Rc3 Bc5 47. Bxc5 bxc5 48. Kh4 c4 49. Rh3 Kd4 50. Kg5 c3 51.
Kh4 c2 52. Kg5 c1=Q 53. Kxg6 Qxf4 54. Rxh5 Qd6+ 55. Kg5 Qe7+ 56. Kf4 Qg7 57. Rh3 Qg4# 0-1

[Event "*** SCC Grand Prix: Titled Tuesday Blitz"]
[Site "Chess.com"]
[Date "2020.06.09"]
[Round "9"]
[White "ljuks68"]
[Black "Bathory44"]
[Result "0-1"]
[WhiteElo "2355"]
[BlackElo "2596"]
[TimeControl "180+1"]
[EndTime "10:47:16 PDT"]
[Termination "Bathory44 won on time"]

1. e4 e6 2. d4 d5 3. Nc3 Nf6 4. Bg5 Be7 5. e5 Nfd7 6. h4 h6 7. Bxe7 Qxe7 8. Nb5 Nb6 9. c3 O-O 10. f4 a6 11. Na3 c5 12. Nf3 Nc6 13. Nc2 Bd7 14. Bd3 f6 15. O-O cxd4 16. Ncxd4 Nxd4 17. cxd4 Ba4 18. Qe2 f5 19. Rfc1 Rfc8 20. Qd2 Be8 21. Qa5 Qd8 22. b3 Bh5 23. Nh2 Be8 24. a4 Bc6 25. Rc2 Nd7 26. Qxd8+ Rxd8 27. g4 a5 28.
gxf5 exf5 29. Bxf5 Nf8 30. Nf1 Bd7 31. Bxd7 Rxd7 32.
Ne3 Rf7 33. Rf1 Ne6 34. Nxd5 Nxd4 35. Rb2 Nf5 36. Rd2 Re8 37. Nc3 Nxh4 38. Ne4 Nf5 39. Rc2 Rd7 40. Rfc1 h5 41. Rc7 Rxc7 42. Rxc7 Rd8 43. Ng5 h4 44. Kh2 g6 45. Kg2 Rd2+ 46.
Kf3 Rd3+ 47. Ke2 Re3+ 48. Kf2 Rxb3 49. Ne4 Rb2+ 50. Kf3 Rb3+ 51. Kf2 h3 52. Nf6+ Kf8 53. e6 Re3 0-1

[Event "*** SCC Grand Prix: Titled Tuesday Blitz"]
[Site "Chess.com"]
[Date "2020.06.09"]
[Round "9"]
[White "maciejos95"]
[Black "Fortitudine"]
[Result "1/2-1/2"]
[WhiteElo "2461"]
[BlackElo "2257"]
[TimeControl "180+1"]
[EndTime "10:47:16 PDT"]
[Termination "Game drawn by agreement"]

1. e4 c5 2. Nf3 d6 3. d4 cxd4 4.
Nxd4 Nf6 5. Nc3 Nc6 6. Bc4 Qb6 7.
Nde2 e6 8. O-O Be7 9. Bb3 O-O 10.
Be3 Qc7 11. h3 a6 12. f4 b5 13. a3 Na5 14. Ba2 Bb7 15. Ng3 Rac8 16. f5 Nc4 17. Bxc4 Qxc4 18. Qd4 Qxd4 19. Bxd4 e5 20. Bf2 d5 21. exd5 Nxd5 22. Nxd5 Bxd5 23. c3 f6 24. Rfd1 Rfd8 25. Rd2 Bb3 26. Nf1 Kf7 27. Bb6 Rxd2 28.
Nxd2 Bd5 29. Rd1 Rc6 30. Be3 g6 31. fxg6+ hxg6 32. Nf3 Bxf3 33. gxf3 Ke6 34. Kf2 g5 35. Ra1 Rc4 36. Rg1 a5 37. Rg4 Rc6 38. a4 b4 39. Bd2 f5 40. Rg2 bxc3 41. Bxc3 Rc4 42. Bxa5 Rxa4 43. Bd2 Ra2 44. Bc3 Bb4 45. Bxb4 Rxb2+ 46. Kf1 Rxb4 47. Rxg5 Rb2 48. Rh5 f4 49. Rh8 Kd5 50. Rd8+ Kc4 51. Kg1 Kc3 52. h4 Rb6 53. Rd5 Rh6 54. Rxe5 Rxh4 55. Rd5 Kc4 56. Rd8 Kc5 57.
Kg2 Kc4 58. Kf2 Kc3 59. Ke2 Rh2+ 60. Ke1 Kc2 61. Rd4 Rh4 62. Ke2 Kc3 63. Rd8 Rh2+ 64. Kf1 Rh4 65. Kf2 Kc2 66. Rg8 Kd3 67. Rg4 Rxg4 68.
fxg4 Ke4 69. g5 Kf5 70. Kf3 Kxg5 71. Kf2 Kg4 72. Kg2 Kg5 73. Kf3 Kf5 74. Kf2 1/2-1/2

[Event "*** SCC Grand Prix: Titled Tuesday Blitz"]
[Site "Chess.com"]
[Date "2020.06.09"]
[Round "9"]
[White "2007checkmate"]
[Black "vaishali2001"]
[Result "0-1"]
[WhiteElo "2404"]
[BlackElo "2617"]
[TimeControl "180+1"]
[EndTime "10:47:17 PDT"]
[Termination "vaishali2001 won by checkmate"]

1. Nc3 d5 2. d4 Nf6 3. Bf4 g6 4. e3 Bg7 5. h4 h5 6. Be2 O-O 7. Nf3 c5 8. Qd2 cxd4 9. exd4 Nc6 10. Ne5 Bf5 11. f3 Qb6 12. O-O-O Nb4 13. Nd3 Bxd3 14. Bxd3 Rac8 15. Kb1 a6 16. Rhe1 e6 17. Be5 Nxd3 18.
Qxd3 Rc4 19. Rc1 Rfc8 20. Nd1 Qa5 21. Re2 b5 22. g4 Qd8 23. Bxf6 Qxf6 24. gxh5 Rxd4 25.
Qb3 Rxh4 26. hxg6 Qxg6 27. Ne3 Qf6 28. Rg2 Kf8 29. Rcg1 Rh7 30. Qb4+ Ke8 31. Nd1 Rd8 32. Qa3 Bf8 33. Qxa6 Qe7 34. Qxb5+ Qd7 35. Qxd7+ Rxd7 36. Rg8 Ke7 37. b3 Rh2 38. Nb2 Rc7 39. c4 Bh6 40.
cxd5 Rcc2 41. d6+ Kxd6 42. Nc4+ Ke7 43. a4 Bf4 44. a5 Rc3 45. a6 Rxb3+ 46. Ka1 Rb4 47. Rc1 Bxc1 48. Na3 Bxa3 49. a7 Bb2+ 50. Kb1 Bd4+ 51. Kc1 Be3+ 52. Kd1 Rb1# 0-1

[Event "*** SCC Grand Prix: Titled Tuesday Blitz"]
[Site "Chess.com"]
[Date "2020.06.09"]
[Round "9"]
[White "Dr_crypt"]
[Black "Boninknights"]
[Result "0-1"]
[WhiteElo "2456"]
[BlackElo "2366"]
[TimeControl "180+1"]
[EndTime "10:47:17 PDT"]
[Termination "Boninknights won on time"]

1. d4 Nf6 2. Nf3 d6 3. g3 g6 4. Bg2 Bg7 5. O-O O-O 6. b3 Nbd7 7. Bb2 e5 8. dxe5 Ng4 9. Qc1 Ngxe5 10. Nxe5 dxe5 11. Rd1 Re8 12. Nd2 Qg5 13. Nc4 Qxc1 14. Raxc1 a5 15. a4 Nc5 16. Bc3 e4 17. Bxa5 Be6 18.
Bb4 Nxa4 19. Ne3 Nc3 20. Rd2 f5 21. Kf1 Red8 22. Rxd8+ Rxd8 23. Ke1 Na2 24. Be7 Rd7 25. Ba3 Bc3+ 26. Kf1 Nxc1 27. Bxc1 Bd2 28. Bxd2 Rxd2 29.
Ke1 Rd6 30. f3 exf3 31. Bxf3 b5 32. b4 Kg7 33. c3 Kf6 34. Nc2 Ke5 35. Ne3 f4 36.
gxf4+ Kxf4 37. Nc2 g5 38. Nd4 Bd7 39. Kf2 g4 40. e3+ Kg5 41. Be4 h5 42. Kg2 h4 43. Kf2 Ra6 44. Bd3 Ra2+ 45. Kg1 g3 46. hxg3 hxg3 47. Be2 Bg4 48. Bxb5 Bh3 49. Nf3+ Kf6 0-1

[Event "*** SCC Grand Prix: Titled Tuesday Blitz"]
[Site "Chess.com"]
[Date "2020.06.09"]
[Round "9"]
[White "LittlePeasant"]
[Black "Fusikk"]
[Result "1/2-1/2"]
[WhiteElo "2799"]
[BlackElo "2592"]
[TimeControl "180+1"]
[EndTime "10:47:20 PDT"]
[Termination "Game drawn - insufficient material"]

1. e4 c6 2. d3 d5 3. Nf3 dxe4 4. dxe4 Qxd1+ 5. Kxd1 f6 6. Bc4 e5 7. h3 Nd7 8. Be3 Bc5 9. Ke2 a5 10. a4 Bxe3 11.
Kxe3 Nh6 12. Nbd2 Ke7 13. Nf1 Nb6 14. Bb3 Be6 15. Bxe6 Kxe6 16. b3 Rhd8 17. Ng3 Nf7 18. Nf5 g6 19. Ng3 h5 20. Nh4 Nh8 21. Ne2 Nd7 22. Rad1 Nf8 23. g4 hxg4 24. hxg4 Rxd1 25.
Rxd1 Nf7 26. f4 Rd8 27. f5+ gxf5 28. gxf5+ Ke7 29. Rh1 Ng5 30. Nf3 Nfh7 31. Nd2 Nf8 32. Nc4 Ra8 33. Ng1 b5 34. Nb2 Rd8 35. Ne2 Nd7 36.
axb5 cxb5 37. Nc3 Rb8 38. Nd5+ Kf7 39. Ra1 Ra8 40. Nd3 a4 41. bxa4 bxa4 42. c4 a3 43. c5 Ra4 44. c6 Rxe4+ 45. Kd2 Rd4 46. c7 Ne4+ 47. Ke3 Nd6 48. N3b4 Nxf5+ 49. Kf3 Nd6 50. Rxa3 Rc4 51. Ra6 Ke6 52. Rc6 Rxc6 53. Nxc6 Nc8 54. Ndb4 Kd6 55. Na5 Kxc7 56. Nd5+ Kd6 57. Nxf6 Nxf6 58.
Nc4+ Ke6 59. Nxe5 Kxe5 1/2-1/2